 Dungeon Crawl Stone Soup version 0.31-a0-188-g5e087ee2ca (webtiles) character file.

Game seed: 18026628794327536770

173 qw the Skirmisher (level 5, 0/29 HPs)
             Began as a Deep Elf Hunter on June 22, 2023.
             Was an Initiate of Okawaru.
             Slain by an adder (1 damage)
             ... on level 3 of the Dungeon.
             The game lasted 00:00:45 (1886 turns).

qw the Skirmisher (Deep Elf Hunter)                 Turns: 1886, Time: 00:00:45

Health: 0/29       AC:  3    Str: 10    XL:     5   Next: 28%
Magic:  7/7        EV: 12    Int: 14    God:    Okawaru [......]
Gold:   116        SH:  0    Dex: 18    Spells: 4/4 levels left

rFire   + . .        Y - +1 shortbow
rCold   . . .        (shield currently unavailable)
rNeg    . . .        c - +0 leather armour
rPois   .            (no helmet)
rElec   .            (no cloak)
rCorr   .            (no gloves)
SInv    .            (no boots)
Will    .....        a - amulet of regeneration
Stlth   ++           g - ring of protection from fire
HPRegen 1.04/turn    (no ring)
MPRegen 0.10/turn

%: no passive effects
@: lethally poisoned (0 -> 0)
A: no striking features
a: Renounce Religion


You were on level 3 of the Dungeon.
You worshipped Okawaru.
Okawaru was noncommittal.
You visited 1 branch of the dungeon, and saw 3 of its levels.

You collected 116 gold pieces.


   Skills:
 - Level 1.5 Fighting
 + Level 8.7 Ranged Weapons
 - Level 2.4 Dodging
 - Level 1.2 Stealth


You had 4 spell levels left.
You didn't know any spells.
Your spell library was empty.

Inventory:

Hand Weapons
 Y - a +1 shortbow (weapon)
Armour
 c - a +0 leather armour (worn)
Jewellery
 a - an amulet of regeneration (around neck)
 g - a ring of protection from fire (left hand)
Wands
 d - a wand of digging (4)
Potions
 b - a potion of berserk rage {unknown}
 e - a potion of heal wounds {unknown}
 f - a potion of curing {unknown}

Dungeon Overview and Level Annotations

Branches:
Dungeon (3/15)

Altars:
Okawaru

Annotations:
D:3 Ijyb


Message History

You shoot an arrow. The arrow hits Ijyb.
Ijyb is moderately wounded.
An adder comes into view.
Ijyb zaps a wand.
The mass of ice explodes!
The iceblast engulfs you!!
Ouch! That really hurt!
The adder moves out of view.
You hear an angry hiss. x2; You hear a shout!
1875 ||| FLEEEEING.
1876 ||| FLEEEEING.
1877 ||| FLEEEEING.
1878 ||| STILL FLEEEEING.
You shoot an arrow. The arrow barely misses Ijyb.
The arrow hits the adder.
The adder is heavily wounded.
You shoot an arrow. The arrow hits Ijyb.
Ijyb is heavily wounded.
You shoot an arrow. The arrow closely misses Ijyb.
The arrow barely misses the adder.
You shoot an arrow. The arrow hits Ijyb but does no damage.
Ijyb is heavily wounded.
Ijyb zaps a wand.
The mass of ice explodes!
The iceblast engulfs you.
You hear an angry hiss.
You shoot an arrow. The arrow hits Ijyb!
Ijyb is almost dead.
An adder comes into view.
You shoot an arrow. The adder hisses angrily.
The arrow hits the adder.
The adder is severely wounded.
The adder bites you.
You are poisoned.
The adder poisons you!
You shoot an arrow. The arrow hits Ijyb but does no damage.
Ijyb is almost dead.
You feel sick. The adder barely misses you.
Ijyb hits you with a +4 dagger of electrocution.
You shoot an arrow. The arrow barely misses Ijyb.
You feel sick. The adder closely misses you.
Ijyb hits you with a +4 dagger of electrocution.
The adder bites you.
You die...

..##....##..#....#
##..####..#####
#..# ##.# #..#
#..# #))### ##..#
#....# #...
#.##.## ### #.
#..###### # ).
##.@S.S.##..#..
#)# ###g.........#
.. #..%.###...#
... #....# .. ...
######


You could see Ijyb and 2 adders.

Vanquished Creatures
  An orc priest (D:3)
  An orc wizard (D:3)
  3 gnolls (D:2)
  An adder (D:2)
  2 dart slugs
  4 orcs (D:3)
  10 ball pythons
  6 endoplasms
  4 giant cockroaches
  3 goblins
  5 hobgoblins
  11 jackals (D:1)
  4 kobolds
  A quokka (D:1)
  2 bats
  4 frilled lizards
  5 rats
67 creatures vanquished.

Notes
Turn   | Place    | Note
-------+----------+-------------------------------------------
     0 | D:1      | qw the Deep Elf Hunter began the quest for the Orb.
     0 | D:1      | Reached XP level 1. HP: 12/12 MP: 3/3
     0 | D:1      | 0 ||| qw: Version: 0.3-a-9-g12657ce
     0 | D:1      | 0 ||| qw: Game counter: 2791
     0 | D:1      | 0 ||| qw: Always use a shield: true
     0 | D:1      | 0 ||| qw: God list: Okawaru
     0 | D:1      | 0 ||| qw: Allow faded altars: false
     0 | D:1      | 0 ||| qw: Do Orc after D:15 true
     0 | D:1      | 0 ||| qw: Do second Lair branch before Depths: true
     0 | D:1      | 0 ||| qw: Lair rune preference: random
     0 | D:1      | 0 ||| qw: Plans: Normal
     0 | D:1      | 0 ||| PLANNING D:1-11
    63 | D:1      | 63 ||| Stepping ~*~*~tactically~*~*~ (water).
   161 | D:1      | Reached XP level 2. HP: 16/16 MP: 4/4
   173 | D:1      | Reached skill level 6 in Ranged Weapons
   176 | D:1      | 176 ||| FLEEEEING.
   292 | D:1      | Found a faded altar of an unknown god.
   382 | D:1      | HP: 4/16 [jackal (3)]
   388 | D:1      | Reached XP level 3. HP: 6/20 MP: 5/5
   389 | D:1      | HP: 3/20 [jackal (3)]
  1093 | D:1      | 1093 ||| UPGRADING to ring of protection from fire.
  1094 | D:1      | 1094 ||| READING scroll labelled ISYITA FEYGALI.
  1095 | D:1      | 1095 ||| READING scroll labelled SIZAOW XYPSED.
  1096 | D:1      | 1096 ||| DROPPING scroll of butterflies.
  1122 | D:2      | Reached skill level 7 in Ranged Weapons
  1216 | D:2      | Reached XP level 4. HP: 18/25 MP: 6/6
  1216 | D:2      | 1216 ||| Stepping ~*~*~tactically~*~*~ (outnumbered).
  1220 | D:2      | HP: 5/25 [gnoll/+0 halberd (14)]
  1709 | D:2      | 1709 ||| UPGRADING to amulet of regeneration.
  1714 | D:2      | 1714 ||| READING scroll labelled WEHAYWAWUIX.
  1715 | D:2      | 1715 ||| READING scroll labelled MUEPNO OSTIEN.
  1716 | D:2      | 1716 ||| READING scroll labelled YTIESK FENNOO.
  1717 | D:2      | 1717 ||| READING scroll labelled ZOXYGIS MADOUN.
  1718 | D:2      | 1718 ||| READING 3 scrolls labelled WAFFIWN GEMU.
  1719 | D:2      | 1719 ||| DROPPING 2 scrolls of fear.
  1747 | D:3      | Reached skill level 8 in Ranged Weapons
  1747 | D:3      | Found an iron altar of Okawaru.
  1748 | D:3      | 1748 ||| PLANNING OKAWARU WORSHIP
  1755 | D:3      | Reached XP level 5. HP: 29/29 MP: 7/7
  1768 | D:3      | Became a worshipper of Warmaster Okawaru
  1769 | D:3      | 1769 ||| PLANNING D:1-11
  1872 | D:3      | Noticed Ijyb
  1875 | D:3      | 1875 ||| FLEEEEING.
  1876 | D:3      | 1876 ||| FLEEEEING.
  1877 | D:3      | 1877 ||| FLEEEEING.
  1885 | D:3      | HP: 7/29 [Ijyb/+4 dagger of electrocution (5)]
  1886 | D:3      | HP: 1/29 [Ijyb/+4 dagger of electrocution (6)]
  1886 | D:3      | Slain by an adder

Levels and vault maps discovered:
D:1:      kilobyte_arrival_exit_the_forest, layout_basic,
          hellmonk_ecumenical_altar_dog_temple
D:2:      layout_loops_ring
D:3:      layout_rooms, old_standard_altar, gammafunk_ghost_necromancy,
          st_stairs_11, uniq_ijyb, uniq_jessica

Skill      XL: |  1  2  3  4 |
---------------+-------------+-----
Ranged Weapons | 6 7 8 |  8.7
Fighting       | |  1.5
Dodging        | |  2.4
Stealth        | |  1.2

Action                     |  1- 3 |  4- 6 || total
---------------------------+-------+-------++-------
   Fire: Shortbow          |    98 |    70 ||   168
    Use: Scroll            |     2 |     5 ||     7
 Armour: Leather armour    |    16 |       ||    16
  Dodge: Dodged            |    51 |    10 ||    61

Table legend:
 A = Non-vault XP
 B = Vault XP
 C = Vault XP percentage of total XP
 D = Non-vault monster count
 E = Vault monster count
 F = Vault count percentage of total count
                 A         B        C        D         E       F
            +---------+---------+-------+---------+---------+-------
      Total |     244 |       4 |   1.6 |      65 |       2 |   3.0
            +---------+---------+-------+---------+---------+-------
        D:1 |      58 |       4 |   6.5 |      33 |       2 |   5.7
        D:2 |      85 |       0 |   0.0 |      20 |       0 |   0.0
        D:3 |     101 |       0 |   0.0 |      12 |       0 |   0.0
            +---------+---------+-------+---------+---------+-------
